 Dungeon Crawl Stone Soup version 0.25.1-2-g60ff931df9 (webtiles) character file.

Game seed: 13145242345094417409

417 Erymatos the Chopper (level 6, -2/85 HPs)
             Began as a Minotaur Berserker on Nov 10, 2020.
             Was a Believer of Trog.
             Slain by a gnoll
             ... wielding a +0 halberd
              (7 damage)
             ... on level 4 of the Dungeon.
             The game lasted 00:02:20 (3322 turns).

Erymatos the Chopper (Minotaur Berserker)           Turns: 3322, Time: 00:02:21

Health: -2/85      AC:  5    Str: 23    XL:     6   Next: 61%
Magic:  5/5        EV: 12    Int:  4    God:    Trog [**....]
Gold:   166        SH:  0    Dex: 10    Spells: 5/5 levels left

rFire    . . .     SeeInvis .   a - +0 hand axe
rCold    . . .     Gourm    .   (no shield)
rNeg     . . .     Faith    .   o - +0 ring mail
rPois    .         Spirit   .   (helmet restricted)
rElec    .         Reflect  .   (no cloak)
rCorr    .         Harm     .   (no gloves)
MR       .....                  (no boots)
Stlth    ..........             (no amulet)
HPRegen  0.24/turn              (no ring)
MPRegen  0.09/turn              (no ring)

@: berserking, lethally poisoned (-2 -> -7), very quick
A: retaliatory headbutt, horns 2
a: Berserk, Trog's Hand, Renounce Religion


You were on level 4 of the Dungeon.
You worshipped Trog.
Trog was pleased with you.
You were near starving.

You visited 1 branch of the dungeon, and saw 4 of its levels.

You collected 166 gold pieces.

Inventory:

Hand Weapons
 a - a +0 hand axe (weapon)
Armour
 b - a +0 animal skin
 o - a +0 ring mail (worn)
Jewellery
 r - an uncursed ring of poison resistance {unknown}
Scrolls
 d - 4 scrolls of identify {unknown}
 g - a scroll of immolation {unknown}
 h - 7 scrolls of remove curse {unknown}
 i - 3 scrolls of amnesia {unknown}
 m - a scroll of fear {unknown}
 n - a scroll of fog {unknown}
 q - a scroll of teleportation {unknown}
Potions
 e - a potion of might {unknown}
 f - 2 potions of curing {unknown}
 j - 2 potions of stabbing {unknown}
 k - a potion of heal wounds {unknown}
 l - a potion of mutation {unknown}
Comestibles
 c - 5 rations
 p - a chunk of flesh


   Skills:
 + Level 5.7 Fighting
 + Level 6.7 Axes
 + Level 3.0 Armour
 + Level 3.9 Dodging
 - Level 0.2 Stealth


You had 5 spell levels left.
You didn't know any spells.
Your spell library was empty.

Dungeon Overview and Level Annotations

Branches:
Dungeon (4/15)             Temple (0/1) D:4

Altars:
Fedhas


Innate Abilities, Weirdness & Mutations

You reflexively headbutt those who attack you in melee.
You have a pair of horns on your head.


Message History

* * * LOW HITPOINT WARNING * * *
You hit the worker ant. You headbutt the worker ant.
You kill the worker ant!
Trog accepts your kill.
You hit the gnoll. You hit the gnoll shaman. The gnoll hits you with a +0 whip.
* * * LOW HITPOINT WARNING * * *
The gnoll closely misses you.
The gnoll shaman hits you but does no damage.
You slash the gnoll shaman!
You kill the gnoll shaman!
Trog accepts your kill.
You slash the gnoll!
You feel the power of Trog in you as your rage grows.
You kill the gnoll!
Trog accepts your kill.
Your Armour skill increases to level 3!
* * * LOW HITPOINT WARNING * * *
You feel sick.
The gnoll hits you from afar with a +0 halberd!
You die...

###....<.##.#.#
#......##.#.#
########.....(##.#.#
.......'......##.#.#
########......##.#.#
###<#.....#(#
#########.#
#....)...####
#....)@.....#
#....†......#
.....g.......#
...............
..............##
..............#
.......(......#
...##.....#...#


You could see a gnoll (fast).

Vanquished Creatures
  Sigmund (D:3)
  A hound (D:4)
  A gnoll shaman (D:4)
  A worker ant (D:4)
  2 gnolls (D:4)
  7 adders
  2 oozes
  A worm (D:2)
  2 dart slugs
  5 leopard geckos
  10 orcs
  3 giant cockroaches (D:1)
  5 goblins
  9 hobgoblins
  2 quokkas
  A ball python (D:1)
  6 bats
  3 frilled lizards
  5 kobolds
  7 rats
74 creatures vanquished.

Notes
Turn   | Place    | Note
-------+----------+-------------------------------------------
     0 | D:1      | Erymatos the Minotaur Berserker began the quest for the
                  | Orb.
     0 | D:1      | Reached XP level 1. HP: 19/19 MP: 0/0
   518 | D:1      | Reached XP level 2. HP: 27/27 MP: 1/1
   535 | D:1      | Reached skill level 4 in Axes
   940 | D:1      | Reached XP level 3. HP: 28/33 MP: 2/2
  1223 | D:2      | Found a faded altar of an unknown god.
  1851 | D:2      | Reached ** piety under Trog
  1851 | D:2      | Reached XP level 4. HP: 25/41 MP: 3/3
  2422 | D:3      | Reached skill level 5 in Axes
  2777 | D:3      | Found a blossoming altar of Fedhas.
  2800 | D:3      | Noticed Sigmund
  2806 | D:3      | Killed Sigmund
  2806 | D:3      | Reached skill level 5 in Fighting
  2806 | D:3      | Reached skill level 6 in Axes
  2806 | D:3      | Reached XP level 5. HP: 48/48 MP: 4/4
  2806 | D:3      | Reached XP level 6. HP: 56/56 MP: 5/5
  3126 | D:4      | Found a staircase to the Ecumenical Temple.
  3322 | D:4      | Slain by a gnoll

Illustrated notes

Levels and vault maps discovered:
D:1:      lemuel_arrival_rhombus, layout_basic, ebering_dispersal_statue_hall,
          st_stairs_5
D:2:      layout_loops_ring, chequers_ecumenical_altar_twisty
D:3:      layout_loops_cross, old_standard_altar, uniq_sigmund
D:4:      layout_basic, nicolae_overflow_hidden_temple,
          minmay_temple_entry_mist, first_ration, trog_wizard

Skill      XL: |  1  2  3  4  5  6 |
---------------+-------------------+-----
Axes           | 4 6 |  6.7
Fighting       | 4 5 |  5.7
Dodging        | 3 |  3.9
Armour         | 3 |  3.0
Stealth        | |  0.2

Action                   |  1- 3 |  4- 6 || total
-------------------------+-------+-------++-------
Melee: Hand axe          |    81 |    73 ||   154
       Headbutt          |    11 |    18 ||    29
Invok: Berserk           |       |     1 ||     1
 Stab: Sleeping          |       |     1 ||     1
  Eat: Chunk             |     3 |     4 ||     7
Armor: Animal skin       |    12 |     3 ||    15
       Ring mail         |       |    15 ||    15
Dodge: Dodged            |    52 |    42 ||    94
